 Dungeon Crawl Stone Soup version 0.27.0-1-g7a089689b8 (webtiles) character file.

Game seed: 16914637876297566451

73 horus123 the Skirmisher (level 4, 0/55 HPs)
             Began as a Demonspawn Berserker on Aug 13, 2021.
             Was a Believer of Trog.
             Slain by a gnoll (2 damage)
             ... while paralysed by a gnoll
             ... on level 3 of the Dungeon.
             The game lasted 00:06:20 (3363 turns).

horus123 the Skirmisher (Demonspawn Berserker)      Turns: 3363, Time: 00:06:20

Health: 0/55       AC:  3    Str: 18    XL:     4   Next: 8%
Magic:  4/4        EV:  2    Int:  8    God:    Trog [**....]
Gold:   32         SH:  0    Dex: 19    Spells: 3/3 levels left

rFire    . . .     SeeInvis .   j - +0 long sword
rCold    . . .     Faith    .   (no shield)
rNeg     . . .     Spirit   .   b - +0 animal skin
rPois    +         Reflect  .   (helmet restricted)
rElec    .         Harm     .   g - +0 cloak
rCorr    .         Rampage  .   (no gloves)
Will     .....                  (no boots)
Stlth    ..........             (no amulet)
HPRegen  0.18/turn              f - ring of poison resistance
MPRegen  0.09/turn              h - +6 ring of dexterity

@: paralysed, berserking (expiring)
A: antennae 1, foul stench 1
a: Renounce Religion, Berserk, Trog's Hand


You were on level 3 of the Dungeon.
You worshipped Trog.
Trog was pleased with you.
You visited 1 branch of the dungeon, and saw 3 of its levels.

You collected 150 gold pieces.
You spent 118 gold pieces at shops.

Inventory:

Hand Weapons
 a - a +0 falchion
 j - a +0 long sword (weapon)
Armour
 b - a +0 animal skin (worn)
 g - a +0 cloak (worn)
Jewellery
 e - an amulet of magic regeneration
 f - a ring of poison resistance (left hand)
 h - a +6 ring of dexterity (right hand)
Scrolls
 d - 3 scrolls of identify
Potions
 c - a potion of curing
 i - a potion of haste {unknown}


   Skills:
 + Level 3.8 Fighting
 + Level 3.5 Long Blades
 + Level 1.9 Armour
 + Level 2.1 Dodging
 + Level 0.7 Stealth


You had 3 spell levels left.
You didn't know any spells.
Your spell library was empty.

Dungeon Overview and Level Annotations

Branches:
Dungeon (3/15)

Altars:
Qazlal
Sif Muna

Shops:
D:1 ?   D:2 *!*[:

Annotations:
D:3 1 transporter, ratboy's ghost, weakling TrHu


Innate Abilities, Weirdness & Mutations

You have a pair of small antennae on your head.
You may rarely emit foul miasma when damaged in melee.


Message History

Ratboy's ghost turns its malevolent gaze towards you.
You see here 14 stones.
You see here 14 stones.
Partly explored, unvisited transporter.
Partly explored, unvisited transporter.
The gnoll shouts!
Why would you want to do that? Why would you want to do that?
Hit: j) +0 long sword
Press: ? - help, Dir - move target Your weapon can't reach that far!
Okay, then.
There is a transporter here.
You enter the transporter and appear at another place.
The gnoll shaman shouts!
The gnoll shouts!
A red film seems to cover your vision as you go berserk!
You feel yourself moving faster!
You feel mighty!
The gnoll zaps a wand.
You resist with some effort.
You closely miss the gnoll.
The gnoll zaps a wand.
You resist with some effort.
The gnoll shaman hits you with a +0 club!
You slash the gnoll!
The gnoll is severely wounded.
The gnoll closely misses you.
The gnoll zaps a wand.
You suddenly lose the ability to move!
The gnoll shaman hits you with a +0 club.
The gnoll hits you with a +0 whip. The gnoll hits you with a +0 club.
The gnoll hits you but does no damage.
The gnoll shaman hits you with a +0 club.
The gnoll hits you with a +0 whip.
You emit a cloud of foul miasma!
The gnoll hits you with a +0 club. x2
* * * LOW HITPOINT WARNING * * *
The gnoll shaman hits you with a +0 club.
* * * LOW HITPOINT WARNING * * *
You emit a cloud of foul miasma!
The gnoll is engulfed in dark miasma.
The gnoll is poisoned.
The gnoll hits you with a +0 whip.
* * * LOW HITPOINT WARNING * * *
The gnoll hits you with a +0 club.
* * * LOW HITPOINT WARNING * * *
The gnoll hits you with a +0 club.
You die...

....≈≈≈≈≈≈≈≈≈≈≈≈≈≈≈≈≈≈≈≈≈≈≈≈≈.##.
....≈≈≈≈≈≈≈≈≈≈≈≈≈≈≈≈≈≈≈≈≈≈≈≈≈....
#.#.≈≈#####...........#####≈≈.##.
....≈≈#.#.#.###.©.###.#.#.#≈≈.###
...)≈≈#...###g#####.###...#≈≈.# #
....≈≈###....g..........###≈≈.###
....≈≈.8#.######'###### #8.≈≈..##
....≈≈.##.#.⌠.#gg8# ..#.##.≈≈..##
#.#.≈≈.#..'.....@⌠# .'.g#.≈≈....
..#.≈≈.##.#.⌠.#gg8# .#.##.≈≈.##.
....≈≈.8#.######'######.#8.≈≈.##.
###.≈≈###...............###≈≈.##.
....≈≈#...###g#####©###...#≈≈.##.
....≈≈#.#.#.###.©.###.#.#W#≈≈.##.
....≈≈#####..(........#####≈≈.##.
.#..≈≈≈≈≈≈≈≈≈≈≈...≈≈≈≈≈≈≈≈≈≈≈.##.
.#..≈≈≈≈≈≈≈≈≈≈≈...≈≈≈≈≈≈≈≈≈≈≈.##.


You could see a gnoll shaman and 3 gnolls.

Vanquished Creatures
  6 worms
  4 ball pythons
  5 endoplasms
  2 giant cockroaches
  3 goblins
  6 hobgoblins
  7 jackals
  A quokka (D:2)
  6 bats
  7 frilled lizards
  2 kobolds (D:1)
  5 rats
54 creatures vanquished.

Vanquished Creatures (others)
  8 plants
8 creatures vanquished.

Grand Total: 62 creatures vanquished

Notes
Turn   | Place    | Note
-------+----------+-------------------------------------------
     0 | D:1      | horus123 the Demonspawn Berserker began the quest for the
                  | Orb.
     0 | D:1      | Reached XP level 1. HP: 18/18 MP: 1/1
   338 | D:1      | Gained mutation: You have a pair of small antennae on your
                  | head. [demonic ancestry]
   338 | D:1      | Reached XP level 2. HP: 22/24 MP: 2/2
   373 | D:1      | Found a faded altar of an unknown god.
   686 | D:1      | Found Fopeydix's Magic Scroll Emporium.
   694 | D:1      | Bought a scroll of identify for 24 gold pieces
  1211 | D:2      | Found Pimana's Assorted Antiques.
  1221 | D:2      | Gained mutation: You may rarely emit foul miasma when
                  | damaged in melee. [demonic ancestry]
  1221 | D:2      | Reached XP level 3. HP: 23/30 MP: 3/3
  1456 | D:2      | Reached ** piety under Trog
  1503 | D:2      | Found Havotiduimm's Distillery.
  1513 | D:2      | Found Belom's Assorted Antiques.
  1594 | D:2      | Found Fili's Antique Armour Shop.
  1949 | D:2      | Found Dieggy's Book Emporium.
  2343 | D:3      | Identified the +9 halberd of the Blessed Realm {chaos,
                  | rPois rF- rN++ Str+4}
  2539 | D:3      | Found a transporter.
  2545 | D:3      | Found a transporter.
  2601 | D:3      | Noticed ratboy's ghost (weakling TrHu)
  2765 | D:3      | Reached XP level 4. HP: 37/37 MP: 4/4
  2859 | D:3      | Found a stormy altar of Qazlal.
  3013 | D:2      | Bought a long sword for 94 gold pieces
  3183 | D:3      | Found a shimmering blue altar of Sif Muna.
  3360 | D:3      | Paralysed by a gnoll for 3 turns
  3363 | D:3      | HP: 2/55 [gnoll (4)]
  3363 | D:3      | Slain by a gnoll

Illustrated notes

Levels and vault maps discovered:
D:1:      grunt_arrival_crossed_arrows, layout_loops_ring, serial_shops, shop,
          ebering_ecumenical_altar_mist, minmay_misc_feat_chi, grunt_decor_cap,
          minmay_pentomino_z2
D:2:      layout_loops_ring, serial_shops, nicolae_lakefront_shop,
          nicolae_shop_overgrown_old_shop, nicolae_shop_stone, shop, shop,
          minmay_misc_feat_ornament
D:3:      layout_loops_ring, grunt_qazlal_clouds, led_sif_pool,
          gammafunk_ghost_gnarly_gnolls

Skill      XL: |  1  2 |
---------------+-------+-----
Long Blades    | 3 |  3.5
Dodging        | 2 |  2.1
Fighting       | |  3.8
Armour         | |  1.9
Stealth        | |  0.7

Action                   |  1- 3 |  4- 6 || total
-------------------------+-------+-------++-------
Melee: Falchion          |   126 |     9 ||   135
       Long sword        |       |     3 ||     3
Invok: Berserk           |     3 |     1 ||     4
  Use: Scroll            |     1 |       ||     1
 Stab: Sleeping          |     4 |       ||     4
Armor: Animal skin       |    32 |     2 ||    34
Dodge: Dodged            |    86 |     3 ||    89
       Rpst.: Falchion   |    33 |     1 ||    34
